[Event "Romanian Superleague 2022"]
[Site "Oradea"]
[Date "2022.09.26"]
[Round "6.13"]
[White "Dobre, Claudiu-Cristian"]
[Black "Miroshnichenko, Evgenij"]
[Result "0-1"]
[ECO "A41"]
[WhiteElo "2268"]
[BlackElo "2597"]
[Annotator "TA"]
[PlyCount "80"]
[EventDate "2022.09.21"]
[EventType "team-tourn"]
[EventCountry "ROU"]
[SourceTitle "playchess.com"]
[Source "ChessBase"]
[SourceQuality "1"]
[TimeControl "40/5400+30:1800+30"]

1. c4 g6 2. Nf3 Bg7 3. d4 d6 4. Nc3 e5 5. dxe5 dxe5 6. Qxd8+ Kxd8 7. Ng5 {[%emt 0:21:04] A41: 1 d4 d6: Tartakower System and Modern Defence.} Nh6 8. Be3 c6 9. O-O-O+ {[%emt 0:00:52] White is slightly better.} Kc7 10. Bc5 {[%emt 0:04:54] [#] aiming for Bd6+.} b6 $146 ({Predecessor:} 10... Rd8 11. Rxd8 Kxd8 12. e4 f6 13. Nf3 Na6 14. Bd6 Ng4 15. Be2 Nxf2 16. Rf1 Ng4 {0-1 (39) Sviridova,V (2144)-Khalafova,N (2279) Chess.com INT 2021}) 11. Bd6+ Kb7 12. e3 f6 $1 13. Nge4 Nf7 14. Be7 f5 15. Nf6 c5 ({Black should play} 15... Kc7) 16. Nfd5 Nc6 17. Bf6 (17. g4 {with more complications.} fxg4 18. Bg2 Bf5 19. Bh4) 17... Bxf6 18. Nxf6 Be6 19. f4 exf4 20. exf4 Nd4 21. g3 Raf8 22. Bg2+ Kc8 23. Rhe1 Bxc4 24. Re7 Nd8 $1 25. Nfd5 ({Reject} 25. Nxh7 Rf7 26. Rxf7 Nxf7 $17) (25. Rxh7 $2 Rxh7 26. Nxh7 Rh8 $17) 25... Rf7 26. Rde1 ({White should try} 26. Rxf7 $1 $11 Nxf7 27. Re1) 26... Rhf8 $1 $15 27. b3 Ba6 28. Nc7 {[%emt 0:00:35] Black must now prevent Rxf7.} Ne2+ 29. Nxe2 $2 (29. Kd2 $1 $11 Rxe7 30. Nxa6) 29... Rxe7 $19 30. Nxa6 Rfe8 31. Kd2 {[%emt 0:00:48] [#]} Rd7+ $1 {[%emt 0:00:24][%mdl 1024] Black has strong compensation.} 32. Kc1 Re3 {[%emt 0:00:31] Strongly threatening ...Ne6.} 33. b4 $2 (33. Bf1) 33... Ne6 {[%emt 0:01:30] And now ...Nd4 would win.} 34. Kc2 $2 (34. bxc5 Nd4 35. Bf1) 34... Nd4+ {[%emt 0:02:20] Black is clearly winning.} ({Not} 34... Ra3 35. Nc3 Nd4+ 36. Kb2 Rxa6 37. Re8+ Kc7 38. Bf1 $17) 35. Kd2 Ra3 36. Nxd4 Rxd4+ 37. Kc1 Rxa6 38. Re8+ Kd7 39. Rh8 Rxa2 40. Rxh7+ Kd6 {[%emt 0:00:00] Weighted Error Value: White=0.61/Black=0.25 (precise)} 0-1

[Event "Romanian Superleague 2022"]
[Site "Oradea"]
[Date "2022.09.26"]
[Round "6.14"]
[White "Szabo, Gergely-Andras-Gyula"]
[Black "Padurariu, Mihai-Edward"]
[Result "1-0"]
[ECO "B10"]
[WhiteElo "2512"]
[BlackElo "2263"]
[Annotator "TA"]
[PlyCount "87"]
[EventDate "2022.09.21"]
[EventType "team-tourn"]
[EventCountry "ROU"]
[SourceTitle "playchess.com"]
[Source "ChessBase"]
[SourceQuality "1"]
[TimeControl "40/5400+30:1800+30"]

1. e4 c6 2. Nf3 d5 3. d3 g6 4. e5 Bg7 5. d4 f6 6. exf6 {[%emt 0:00:51] B10: Caro-Kann: 2 d3 and 2 c4.} exf6 7. Be2 {[%emt 0:00:51] [#]} Ne7 $146 ({Predecessor:} 7... Nh6 8. O-O O-O 9. c4 Be6 10. cxd5 Bxd5 11. Nc3 Bf7 12. h3 Re8 13. Bf4 Nf5 {1-0 (50) Sjugirov,S (2680)-Domingo Nunez,A (2311) Chess.com INT 2022}) 8. O-O {[%emt 0:00:20] The position is equal.} O-O 9. h3 Re8 10. Re1 Nd7 11. b3 Nf8 12. c4 Be6 13. Nc3 g5 14. Bd3 Qd7 15. Ba3 Nfg6 16. Qc2 Bf5 17. Bxe7 Bxd3 18. Qxd3 Nxe7 19. Re2 Ng6 20. Rae1 Nf4 21. Rxe8+ Rxe8 22. Rxe8+ Qxe8 23. Qe3 Qd7 24. cxd5 Nxd5 25. Nxd5 Qxd5 $11 {[%emt 0:00:01][%mdl 4096] Endgame KQB-KQN} 26. Qe7 Qf7 27. Qc5 $36 {[%emt 0:00:54][%mdl 2048] White has good play.} a6 28. Qf5 {[%emt 0:00:34] Prevents Qd7.} Bf8 29. h4 h6 30. g4 (30. Nh2 $14 {should be considered.}) 30... Bd6 (30... Qd5 $11 {keeps the balance.}) 31. h5 $16 Bf4 {[%emt 0:01:17] [#] Prevents Nd2.} (31... Bf8 $16 {might work better.}) 32. Kg2 (32. Nh4 $1 $18 ) 32... Kg7 33. Kf1 {[%emt 0:02:27] White is more active.} Qe8 34. d5 c5 {[%emt 0:01:00] Against Nd4} (34... cxd5 $16 35. Qxd5 Qf7 36. Qxf7+ Kxf7) 35. Kg2 (35. Ne1 $18) 35... b5 $2 {[%emt 0:02:22] [#] This costs Black the game.} (35... b6 $16) 36. b4 $1 $18 c4 37. Nd4 Be5 {[%emt 0:00:45] [#]} 38. Qe4 {[%emt 0:00:49] Hoping for Nf5+.} Kh8 39. d6 {[%emt 0:00:48] Threatens to win with Nf5.} c3 $2 (39... Qd7 40. Nf5 Bxd6) 40. Nf5 {[%emt 0:00:00] Qb7 would kill now.} Qf8 41. d7 {[%emt 0:04:41] White mates.} Qd8 42. Qd5 c2 43. Qf7 Qa8+ 44. f3 {[%emt 0:00:03] Weighted Error Value: White=0.09 (flawless) /Black=0.43} 1-0

[Event "Romanian Superleague 2022"]
[Site "Oradea"]
[Date "2022.09.26"]
[Round "6.15"]
[White "Voiteanu, Gabriel"]
[Black "Nevednichy, Vladislav"]
[Result "0-1"]
[ECO "E04"]
[WhiteElo "2154"]
[BlackElo "2472"]
[Annotator "TA"]
[PlyCount "128"]
[EventDate "2022.09.21"]
[EventType "team-tourn"]
[EventCountry "ROU"]
[SourceTitle "playchess.com"]
[Source "ChessBase"]
[SourceQuality "1"]
[TimeControl "40/5400+30:1800+30"]

1. d4 Nf6 2. c4 e6 3. Nf3 d5 4. g3 Bb4+ 5. Bd2 a5 6. Bg2 dxc4 7. Bxb4 axb4 8. Ne5 O-O 9. O-O Nc6 {[%emt 0:00:38] E04: Open Catalan: 5 Nf3.} 10. Nxc6 bxc6 11. Bxc6 Rb8 {[%emt 0:11:41] [#] Black is slightly better.} 12. a3 $146 ({Predecessor:} 12. Bf3 Qd6 13. e3 Ba6 14. Be2 c5 15. Nd2 Qd5 16. Rc1 cxd4 17. Bxc4 Bxc4 18. Rxc4 dxe3 19. fxe3 {0-1 (43) Gyerpal,A (2193)-Butkiewicz,L (2370) Pardubice 2022}) 12... Qd6 13. Bg2 e5 14. e3 (14. d5 $11) 14... Bf5 $15 15. dxe5 Qxe5 16. Qd4 Qxd4 {[%emt 0:00:47] Black is more active.} 17. exd4 Rfd8 $36 {[%emt 0:09:44][%mdl 2048] White is under pressure.} 18. axb4 Rxb4 19. Na3 Kf8 (19... Rxd4 $2 {[#]} 20. Nc2 $1 g6 21. Nxb4 $18) 20. Rfd1 Bd3 21. Rac1 h5 (21... Rxd4 22. Nc2 Bxc2 23. Rxd4 $16) 22. h4 Ng4 ({Don't take} 22... Rxd4 23. Nc2 Bxc2 24. Rxd4 $16) 23. Rd2 (23. Bh3 $15) 23... Rxd4 $17 24. Rc3 (24. Nb1 $17 {is a better defense.}) 24... c5 $19 25. Rc1 g6 26. Re1 Bf5 27. Rde2 Rd8 28. f3 Nf6 29. Rc1 (29. Bf1 $17) 29... Bd3 30. Re5 Rd5 31. Ree1 Nd7 ({Weaker is} 31... Rxb2 32. Nxc4 Bxc4 33. Rxc4) 32. f4 Rd6 33. Red1 Rd4 ({But not} 33... Rxb2 34. Nxc4 Bxc4 35. Rxd6 $14) 34. Bf1 (34. Bc6 $142 Nb6 35. Nb5) 34... Nb6 35. Re1 Rxb2 36. Nb1 (36. Bg2 $142) 36... Bxb1 37. Rxb1 c3 {[%emt 0:00:57] aiming for ...Rxb1.} 38. Rbc1 c2 39. Re2 Rc4 {[%emt 0:00:12] White must now prevent ...Nd5.} 40. Rd2 {[%emt 0:00:00] Prevents Nd5.} (40. Bg2) 40... Rc3 41. Kf2 {[%emt 0:03:05] [#]} Nd5 $1 42. f5 {[%emt 0:01:51] [#]} (42. Rxd5 Rb1) 42... gxf5 $1 43. Bd3 (43. Rd3 Rbb3) 43... f4 44. gxf4 Nxf4 45. Bf5 Ng6 46. Rcxc2 Rcxc2 47. Bxc2 Nxh4 {[%emt 0:01:00][%mdl 4096] Endgame Strongly threatening ...Nf5. KRB-KRN} 48. Ke3 Ng6 49. Kd3 Rb4 {[%emt 0:00:20] Threatens to win with ...Rd4+.} 50. Kc3 {[%emt 0:00:29] Prevents Rd4.} (50. Ke3 {might work better.}) 50... h4 51. Bf5 Rf4 52. Bc8 Kg7 53. Rd5 (53. Rg2 $142) 53... Ne7 54. Rxc5 Nxc8 55. Rxc8 {[%emt 0:00:01] KR-KR} h3 {[%emt 0:01:22] Black mates.} 56. Kd3 h2 57. Rc1 Rh4 58. Rh1 Kg6 59. Ke3 Kg5 60. Kf3 Rh3+ 61. Kg2 Kg4 62. Kf2 f5 63. Kg2 f4 64. Ra1 h1=Q+ {[%emt 0:00:06] Weighted Error Value: White=0.40/Black=0.21 (precise)} 0-1

[Event "Romanian Superleague 2022"]
[Site "Oradea"]
[Date "2022.09.26"]
[Round "6.16"]
[White "Stoleriu, George"]
[Black "Oprisor, Razvan-Gabriel"]
[Result "1-0"]
[ECO "B07"]
[WhiteElo "2392"]
[BlackElo "2175"]
[Annotator "TA"]
[PlyCount "147"]
[EventDate "2022.09.21"]
[EventType "team-tourn"]
[EventCountry "ROU"]
[SourceTitle "playchess.com"]
[Source "ChessBase"]
[SourceQuality "1"]
[TimeControl "40/5400+30:1800+30"]

1. e4 d6 2. d4 Nf6 3. Nc3 c6 4. f4 Qa5 5. Bd3 e5 6. Nf3 Bg4 7. Be3 Nbd7 8. O-O Be7 9. h3 Bh5 {[%emt 0:04:11] B07: Pirc Defence: Miscellaneous Systems.} 10. g4 exf4 11. Bxf4 Bg6 {[%emt 0:00:07] White is better.} 12. Qd2 Qb6 {[%emt 0:07:58] [#]} 13. a4 $146 ({Predecessor:} 13. Na4 Qd8 14. Rae1 O-O 15. c4 h6 16. Kg2 Re8 17. e5 dxe5 18. dxe5 Bxd3 19. Qxd3 {1-0 (32) Hintze,E (2012)-Bonoldi,F (1915) LSS email 2010}) 13... a5 (13... Ne5 $11) 14. Kh1 Nf8 ({Better is} 14... O-O $14) 15. d5 N8d7 16. Be3 Qc7 (16... Qxb2 $2 17. Rfb1 Qb4 18. Rxb4 $18) 17. Nd4 Ne5 18. Nf5 $36 {[%emt 0:03:11][%mdl 2048] White fights for an advantage.} Bxf5 19. exf5 h6 20. Rae1 Nh7 21. Bd4 Bf6 (21... Bh4 $11 {remains equal.}) 22. Ne4 Kf8 23. Qc3 Nd7 24. dxc6 bxc6 25. Nxf6 {[%emt 0:00:22] White is much more active.} Nhxf6 26. Bg1 Nd5 27. Qd4 Ne5 28. Be4 Nf6 29. Bg2 c5 30. Qc3 Re8 31. Re2 (31. Be3 $142) 31... Nfd7 (31... Kg8 $16 {was worth a try.}) 32. Rd1 $18 f6 33. Qd2 Nf7 34. Re6 Nde5 35. Qd5 h5 (35... Rd8 $142) 36. Rxe8+ (36. g5 $1 $16 fxg5 37. Qe4 (37. Rxe8+ Kxe8 38. Bh2 Rh6 $14)) 36... Kxe8 $11 37. gxh5 Rxh5 38. Qe6+ Qe7 39. Qc8+ Qd8 40. Qe6+ Qe7 41. Qc8+ Qd8 $1 42. Qxd8+ Kxd8 43. Bxc5 $1 Kc7 44. Bg1 {[%emt 0:00:44] A strong pair of Bishops.} ({White should play} 44. Be3 $14) 44... Ng5 $1 45. Rd5 Nxh3 46. Bxh3 Rxh3+ {[%emt 0:00:11][%mdl 4096] Endgame KRB-KRN} 47. Kg2 Rh5 48. Rxa5 {[%emt 0:08:15] Hoping for Ra7+.} Rg5+ 49. Kf1 Rxf5+ 50. Ke2 Rg5 51. Bf2 f5 52. Ra8 {[%emt 0:06:24] Strongly threatening a5.} Rg2 (52... f4 $1 $11) 53. Kf1 $14 Rh2 54. a5 $1 {[%emt 0:01:45][%cal Ba4a5,Ba5a6,Ba6a7][%mdl 32] Black must now prevent a6.} ({Don't play} 54. Ra7+ Kc6 $11) 54... Rh1+ $1 {[%emt 0:10:08] Black is now going downhill.} 55. Kg2 $1 Rb1 (55... Ra1 $16) 56. a6 $1 $18 Nc6 (56... Rxb2 $2 57. a7 $18) 57. a7 $1 Kb7 {[%emt 0:00:17] Against Rc8} (57... Nxa7 58. Rxa7+ Kb8) 58. Rg8 {[%emt 0:00:08] White is clearly winning.} Nxa7 (58... Ra1 $142 59. Rxg7+ Ka8) 59. Rxg7+ Kc6 60. Rxa7 Rxb2 {[%emt 0:00:07] [#] KRB-KR} 61. c3 $1 Rc2 {[%emt 0:02:23] [#]} 62. Ra3 $1 Kd5 63. Kf3 Kc4 64. Bd4 Rc1 65. Ra5 Kd3 66. Rxf5 Kc4 67. Rf6 Kd5 68. Ke2 Rh1 69. Kd3 Rd1+ 70. Kc2 Rh1 71. Rg6 Rh3 72. Kb3 Rh5 73. Be3 Rh3 74. Bf4 {[%emt 0:00:11] Weighted Error Value: White=0.16 (very precise) /Black=0.31} 1-0

[Event "Romanian Superleague 2022"]
[Site "Oradea"]
[Date "2022.09.26"]
[Round "6.17"]
[White "Levay, Sorin"]
[Black "Danilov, Vladimir"]
[Result "1/2-1/2"]
[ECO "C46"]
[WhiteElo "2138"]
[BlackElo "2378"]
[Annotator "TA"]
[PlyCount "35"]
[EventDate "2022.09.21"]
[EventType "team-tourn"]
[EventCountry "ROU"]
[SourceTitle "playchess.com"]
[Source "ChessBase"]
[SourceQuality "1"]
[TimeControl "40/5400+30:1800+30"]

1. e4 e5 2. Nc3 Bc5 3. Nf3 Nc6 4. Nxe5 Nxe5 5. d4 Bd6 6. dxe5 Bxe5 7. Qd3 (7. f4 $5 Bxc3+ 8. bxc3 $14) 7... c6 {[%emt 0:01:34] C46: 3 Nc3: Unusual Black 3rd moves.} (7... Nf6 $11) 8. f4 $16 Bc7 9. Bd2 Ne7 10. O-O-O {[%emt 0:08:15] White is more active.} O-O {[%emt 0:11:07] [#]} 11. f5 $146 ({Predecessor:} 11. Qf3 b5 12. g4 a5 13. h4 b4 14. Na4 d5 15. e5 f6 16. exf6 Rxf6 17. Bd3 {½-½ (45) Lam,S (2080)-Alba Santana,C (1845) Las Palmas 2017}) 11... Be5 12. g4 b5 13. Qf3 Qc7 14. Ne2 d5 15. Nf4 (15. Bf4 $14) 15... Rd8 {[%emt 0:03:50] [#] Strongly threatening ...dxe4.} 16. Nd3 {[%emt 0:02:27] White is slightly better.} dxe4 17. Qxe4 Bd6 18. Bg2 {[%emt 0:05:07] Weighted Error Value: White=0.12 (very precise) /Black=0.11 (very precise)} 1/2-1/2

[Event "Romanian Superleague 2022"]
[Site "Oradea"]
[Date "2022.09.26"]
[Round "6.18"]
[White "Ungureanu, Vlad"]
[Black "Gulie, Cosmin"]
[Result "1-0"]
[ECO "D45"]
[WhiteElo "2287"]
[BlackElo "1973"]
[Annotator "TA"]
[PlyCount "91"]
[EventDate "2022.09.21"]
[EventType "team-tourn"]
[EventCountry "ROU"]
[SourceTitle "playchess.com"]
[Source "ChessBase"]
[SourceQuality "1"]
[TimeControl "40/5400+30:1800+30"]

1. d4 d5 2. c4 e6 3. Nc3 Nf6 4. Nf3 c6 5. e3 Nbd7 6. a4 {[%emt 0:00:06] D45: Semi-Slav: 5 e3.} a5 7. Bd3 Bb4 8. O-O {[%emt 0:00:45] The position is equal.} Qe7 9. Qc2 {[%emt 0:17:11] [#]} e5 $146 ({Predecessor:} 9... O-O 10. Bd2 Rd8 11. cxd5 exd5 12. Rfe1 h6 13. Ne2 Bd6 14. Ng3 Bxg3 15. hxg3 Ne4 {½-½ (38) Alava Moreno,F (2365)-Egorov,V (2327) LSS email 2015}) 10. e4 dxc4 11. Bxc4 exd4 12. Nxd4 Ne5 13. Be2 Bc5 14. Nf5 Bxf5 15. exf5 h6 16. Bf4 O-O 17. Bg3 Rfe8 18. Bh4 Bd4 19. Ne4 {[%emt 0:06:34] [#] aiming for Nxf6+.} Ned7 20. Bf3 Qe5 ({Better is} 20... Qb4 $15 21. Nxf6+ Nxf6) 21. Rae1 $11 Nxe4 22. Rxe4 Qc5 (22... Qd6 {seems wilder.} 23. Rd1 Nf6 24. Rxe8+ Rxe8 25. Qd2 Qe5) 23. Qxc5 Bxc5 24. Rfe1 Rxe4 25. Rxe4 Nf6 26. Re5 Bd6 27. Re3 Rd8 28. g4 Bc5 29. Re5 Bd6 (29... Bb4 $11 {remains equal.}) 30. Rxa5 $16 Bf4 31. b4 Rd3 (31... Rd4 $16) 32. Kg2 $18 {[%emt 0:00:13] Strongly threatening Ra7.} Rb3 33. b5 cxb5 34. axb5 b6 35. Ra8+ Kh7 36. Rf8 (36. Ra7 $18 {has better winning chances.}) 36... Bg5 {[%emt 0:01:54] [#] Black cannot hold the game after this.} (36... Nd7 $16 37. Bd5 (37. Rxf7 Ne5 $16) 37... Rxb5) 37. Bg3 Rxb5 38. Rxf7 Rb4 39. h4 Bc1 40. Be5 {[%emt 0:00:00] This bishop pair is nice.} Bb2 $2 (40... Kg8) 41. Bxb2 Rxb2 42. g5 Kg8 43. Rb7 hxg5 44. hxg5 Ne8 45. Rb8 Kf8 46. Bh5 {[%emt 0:00:11] Weighted Error Value: White=0.10 (very precise) /Black=0.42} 1-0

[Event "Romanian Superleague 2022"]
[Site "Oradea"]
[Date "2022.09.26"]
[Round "6.19"]
[White "Berkes, Ferenc"]
[Black "Kozak, Adam"]
[Result "1/2-1/2"]
[ECO "D44"]
[WhiteElo "2651"]
[BlackElo "2516"]
[Annotator "TA"]
[PlyCount "57"]
[EventDate "2022.09.21"]
[EventType "team-tourn"]
[EventCountry "ROU"]
[SourceTitle "playchess.com"]
[Source "ChessBase"]
[SourceQuality "1"]
[TimeControl "40/5400+30:1800+30"]

1. d4 d5 2. c4 e6 3. Nc3 Nf6 4. Nf3 c6 5. Bg5 dxc4 6. e4 b5 7. e5 h6 8. Bh4 g5 9. Nxg5 hxg5 10. Bxg5 Be7 11. exf6 Bxf6 12. Bxf6 Qxf6 13. g3 Bb7 14. Bg2 Na6 15. Ne4 Qe7 16. O-O {[%emt 0:00:13] D44: Semi-Slav: Botvinnik System.} O-O-O 17. a4 f5 {[%emt 0:01:01] The position is equal.} 18. axb5 cxb5 19. Rxa6 $1 Bxa6 20. Nc5 Qxc5 $1 21. dxc5 Rxd1 22. Rxd1 {[%emt 0:00:03] [#] Ra1 is the strong threat.} b4 {[%emt 0:00:29] [#]  Weighted Error Value: White=0.07 (flawless) /Black=0.00 (flawless)} {Predecessor:} 23. Ra1 $146 b3 24. Bf1 Rd8 25. h4 Bb5 26. h5 a5 27. Rxa5 c3 28. bxc3 Bxf1 29. Ra8+ {½-½ (46) Gukesh,D (2614)-Erigaisi,A (2633) Kanpur 2022} 1/2-1/2

[Event "Romanian Superleague 2022"]
[Site "Oradea"]
[Date "2022.09.26"]
[Round "6.21"]
[White "Jianu, Vlad-Cristian"]
[Black "Bonte, Andrei-Mihai"]
[Result "1-0"]
[ECO "A14"]
[WhiteElo "2511"]
[BlackElo "2339"]
[Annotator "RC"]
[PlyCount "75"]
[EventDate "2022.09.21"]
[EventType "team-tourn"]
[EventCountry "ROU"]
[SourceTitle "playchess.com"]
[Source "ChessBase"]
[SourceQuality "1"]
[TimeControl "40/5400+30:1800+30"]

1. c4 Nf6 2. Nf3 e6 3. g3 d5 4. Bg2 Be7 5. O-O O-O 6. b3 b6 7. Bb2 Bb7 8. e3 dxc4 9. bxc4 c5 10. d3 Nc6 11. Qe2 Qc8 12. Nc3 Rd8 13. Rfd1 a6 14. Rab1 Ra7 15. Ba1 Nd7 16. h4 Qc7 17. Ng5 h6 18. Nge4 f5 19. Nd2 Nde5 20. Nf1 Nb4 21. f4 Bxg2 22. Kxg2 Qc6+ 23. Kg1 Nexd3 24. a3 Rad7 25. Rd2 b5 26. axb4 cxb4 27. Nd5 exd5 28. cxb5 Qxb5 29. Rxd3 Rc8 30. Rbd1 a5 31. Nh2 a4 32. Nf3 b3 33. Nd4 Qb6 34. Nxf5 Qg6 35. Rxd5 Rc2 36. Rxd7 Qxf5 37. Rxe7 Kf8 38. Ra7 1-0

[Event "Romanian Superleague 2022"]
[Site "Oradea"]
[Date "2022.09.26"]
[Round "6.22"]
[White "Ognean, Mihnea-Ionut"]
[Black "Parligras, Mircea-Emilian"]
[Result "1/2-1/2"]
[ECO "C54"]
[WhiteElo "2303"]
[BlackElo "2560"]
[Annotator "ChessBase"]
[PlyCount "104"]
[EventDate "2022.09.21"]
[EventType "team-tourn"]
[EventCountry "ROU"]
[SourceTitle "playchess.com"]
[Source "ChessBase"]
[SourceQuality "1"]
[TimeControl "40/5400+30:1800+30"]

1. e4 e5 2. Nf3 Nc6 3. Bc4 Bc5 4. c3 Nf6 5. d3 a6 6. a4 d6 7. O-O Ba7 8. Re1 h6 9. b4 O-O 10. h3 Ne7 11. Nbd2 Ng6 12. Nf1 c6 13. a5 d5 14. Bb3 dxe4 15. dxe4 Qxd1 16. Bxd1 Be6 17. Bc2 c5 18. Be3 Rfc8 19. Bd3 cxb4 20. cxb4 Bxe3 21. Rxe3 Rc3 22. N1d2 Rd8 23. Bf1 Rxe3 24. fxe3 Nh4 25. Rc1 Nxf3+ 26. Nxf3 Nxe4 27. Nxe5 Ng3 28. Bc4 Rc8 29. Rc2 Ne4 30. Bd3 Rxc2 31. Bxc2 Nc3 32. Kf2 Kf8 33. e4 Na2 34. Nd3 Bc4 35. Ne5 Be6 36. Nd3 Ke7 37. Ke3 Bc4 38. Bb1 Nc3 39. Kd4 Nxb1 40. Kxc4 Kd6 41. e5+ Kc6 42. h4 Nd2+ 43. Kd4 Nf1 44. Ke4 Ng3+ 45. Kf4 Ne2+ 46. Ke3 Nc3 47. Kd4 Nd5 48. h5 Ne7 49. Nc5 Nf5+ 50. Ke4 Ng3+ 51. Kf3 Nf5 52. Ke4 Ng3+ 1/2-1/2

[Event "Romanian Superleague 2022"]
[Site "Oradea"]
[Date "2022.09.26"]
[Round "6.23"]
[White "Gavrilescu, David"]
[Black "Ileana, George"]
[Result "1-0"]
[ECO "B90"]
[WhiteElo "2523"]
[BlackElo "2301"]
[Annotator "TA"]
[PlyCount "81"]
[EventDate "2022.09.21"]
[EventType "team-tourn"]
[EventCountry "ROU"]
[SourceTitle "playchess.com"]
[Source "ChessBase"]
[SourceQuality "1"]
[TimeControl "40/5400+30:1800+30"]

1. e4 c5 2. Nf3 d6 3. d4 cxd4 4. Nxd4 Nf6 5. Nc3 a6 6. Be3 e5 7. Nf3 h6 {[%emt 0:01:56] B90: Sicilian Najdorf: Unusual White 6th moves, 6 Be3 Ng4 and 6 Be3 e5.} 8. Nd2 Be6 9. Nc4 Nc6 {[%emt 0:03:10] White is slightly better.} 10. Nb6 Rb8 11. Nbd5 Be7 {[%emt 0:00:24] [#]} 12. Qd2 $146 ({Predecessor:} 12. Bb6 Qd7 13. Nc7+ Kf8 14. Nxe6+ fxe6 15. Qf3 g6 16. Bc4 Kg7 17. O-O Rbe8 18. Rad1 {½-½ (83) Villalba,M (2258)-Osorio Guevara,J (2099) Chess.com INT 2020}) 12... O-O 13. Rd1 Ne8 (13... Bxd5 $11 14. exd5 Nd4) 14. Nxe7+ Qxe7 15. Be2 Rd8 16. O-O Nf6 17. Bb6 Rd7 {[%emt 0:10:46] [#]} 18. Nd5 $1 Bxd5 19. exd5 Nd8 (19... Nd4 $16) 20. c4 $18 Ne4 21. Qc2 f5 22. Bd3 g6 (22... Qf7 $142 23. f4 (23. Bxe4 fxe4 24. Qxe4 Qh5 $16) 23... Qe8 24. Bxe4 fxe4) 23. Bxe4 fxe4 24. Qxe4 Kh7 25. f4 exf4 26. Qxe7+ Rxe7 27. Rde1 Ref7 28. Re4 g5 29. Rfe1 {[%emt 0:04:38] Hoping for Re8.} f3 30. Kf2 (30. Re7 $18) 30... fxg2+ $16 31. Kxg2 {[%emt 0:00:03] Threatens to win with Re8.} Rf5 32. Re7+ Nf7 $2 {[%emt 0:00:15] This move loses the game for Black.} (32... Kg6 $16 33. Bxd8 Rxd8) 33. R1e6 $18 h5 34. Rxd6 {[%emt 0:01:44] aiming for Rde6.} g4 $2 (34... Re8) 35. Be3 Rc8 36. c5 Kg8 37. Rg6+ Kf8 38. d6 {[%emt 0:00:03][%cal Bd5d6,Bd6d7][%mdl 32] d7 is the strong threat.} b6 (38... Re8 $18 39. Rg8+ Kxg8 40. Rxe8+ Kg7) 39. d7 Rd8 40. Re8+ Rxe8 {[%emt 0:00:00] [#]} 41. Rg8+ $3 {[%emt 0:00:07][%mdl 576] Skewer, Promotion.  Weighted Error Value: White=0.13 (very precise) /Black=0.52} 1-0

[Event "Romanian Superleague 2022"]
[Site "Oradea"]
[Date "2022.09.26"]
[Round "6.24"]
[White "Pisu, Robert-Daniel"]
[Black "Costachi, Mihnea"]
[Result "1/2-1/2"]
[ECO "C60"]
[WhiteElo "2223"]
[BlackElo "2470"]
[Annotator "TA"]
[PlyCount "83"]
[EventDate "2022.09.21"]
[EventType "team-tourn"]
[EventCountry "ROU"]
[SourceTitle "playchess.com"]
[Source "ChessBase"]
[SourceQuality "1"]
[TimeControl "40/5400+30:1800+30"]

1. e4 e5 2. Nf3 Nc6 3. Bb5 Nge7 4. c3 Ng6 5. d4 exd4 6. cxd4 {[%emt 0:00:23] C60: Ruy Lopez: Unusual Black 3rd moves and 3...g6.} Bb4+ 7. Nc3 O-O (7... d5 $14 {is superior.}) 8. O-O $16 {[%emt 0:08:09] White is better.} Nce7 {[%emt 0:11:37] [#]} (8... d6 $14) 9. Qb3 $146 ({Better is} 9. h4 $1 $16) ({Predecessor:} 9. Bc4 Bxc3 10. bxc3 d5 11. exd5 Nxd5 12. Qb3 c6 13. Ba3 Re8 14. Rfe1 Rxe1+ 15. Rxe1 {1-0 (28) Duester,T-Schreck,R Waldshut 1981}) 9... Ba5 $14 10. Bc4 {[%emt 0:05:42] White is much more active. The black rooks are badly placed.} c6 11. Ng5 d5 {[%emt 0:04:34] The position is equal.} 12. exd5 {[%emt 0:05:45][%cal Og5f7] Hoping for Nxf7!} b5 13. d6 (13. Bd3 {is more complex.} Bf5 14. Bxf5 Nxf5 15. dxc6 Nxd4 16. Qd1) 13... bxc4 14. dxe7 cxb3 15. exd8=Q {[%emt 0:00:10] Dancing on a razor blade.} Rxd8 16. axb3 Bb6 17. Nf3 Be6 18. Ra3 Bxd4 (18... Ne7 {seems wilder.} 19. Bg5 f6 20. Re1 Kf7) 19. Nxd4 Rxd4 20. Be3 Rb4 21. Rfa1 h6 22. Bc5 Rxb3 23. Rxb3 Bxb3 24. Rxa7 Rd8 25. Rb7 Be6 26. h3 Ne5 27. Rb6 Kh7 28. b4 Rd3 29. Ne2 Bc4 30. Kh2 Rd2 31. Nc3 Rd3 32. Ne4 Bd5 (32... Nd7 $5 33. Rb7 $8 Nxc5 34. Nxc5 Rd2 $11) 33. Nd6 Ng6 {[%emt 0:02:10] aiming for ...Nh4.} 34. Nf5 {[%emt 0:00:31] Prevents Nh4.} Ne5 35. Ne3 Be6 36. Rb7 Rd2 37. Nf1 Rc2 38. Rc7 Nd3 39. Rxc6 Nxb4 40. Ne3 Nxc6 41. Nxc2 Ne5 42. Bd4 {[%emt 0:04:11] Weighted Error Value: White=0.06 (flawless) /Black=0.05 (flawless)} 1/2-1/2